 Dungeon Crawl Stone Soup version 0.28-a0-845-gfc338a8e3c (webtiles) character file.

Game seed: 4651013438830021554

1197 ryw the Sneak (level 8, -3/44 HPs)
             Began as a Deep Elf Enchanter on Nov 12, 2021.
             Was an Initiate of Hepliaklqana.
             Slain by a wyvern zombie (13 damage)
             ... on level 6 of the Dungeon.
             The game lasted 00:30:05 (9106 turns).

ryw the Sneak (Deep Elf Enchanter)                  Turns: 9106, Time: 00:30:05

Health: -3/44      AC:  3    Str:  5    XL:     8   Next: 20%
Magic:  18/26      EV: 14    Int: 23    God:    Hepliaklqana [......]
Gold:   344        SH:  0    Dex: 15    Spells: 5/17 levels left

rFire   . . .      SeeInvis .   l - +3 short sword (venom)
rCold   . . .      Faith    .   (no shield)
rNeg    . . .      Spirit   .   b - +0 robe
rPois   .          Reflect  .   j - +0 helmet
rElec   .          Harm     .   (no cloak)
rCorr   .          Rampage  .   (no gloves)
Will    .....                   (no boots)
Stlth   +++.......              (no amulet)
HPRegen 0.14/turn               m - ring of magical power
MPRegen 0.20/turn               (no ring)

@: confusing by touch, very slightly contaminated
A: no striking features
a: Renounce Religion


You were on level 6 of the Dungeon.
You worshipped Hepliaklqana.
Hepliaklqana was noncommittal.
You visited 1 branch of the dungeon, and saw 6 of its levels.

You collected 344 gold pieces.

Inventory:

Hand Weapons
 l - a +3 short sword of venom (weapon)
Missiles
 e - 6 javelins (quivered)
 i - 16 poisoned darts
Armour
 b - a +0 robe (worn)
 j - a +0 helmet (worn)
Jewellery
 m - a ring of magical power (left hand)
 s - an amulet of regeneration
Wands
 a - a wand of flame (8)
 c - a wand of charming (19)
Scrolls
 g - a scroll of fog
 h - 4 scrolls of teleportation
 n - 2 scrolls of holy word
 r - a scroll of amnesia {unknown}
 t - a scroll of summoning {unknown}
Potions
 d - a potion of haste
 f - a potion of berserk rage
 k - a potion of cancellation {unknown}
 o - 3 potions of flight
 p - a potion of brilliance
 q - a potion of magic {unknown}
 u - a potion of attraction {unknown}


   Skills:
 - Level 2.0 Fighting
 + Level 4.0 Short Blades
 - Level 5.0 Dodging
 + Level 6.3 Stealth
 - Level 5.0 Spellcasting
 - Level 5.3 Hexes
 + Level 5.3 Summonings


You had 5 spell levels left.
You knew the following spells:

 Your Spells              Type           Power      Damage    Failure   Level
a - Ensorcelled Hibernat  Hex/Ice        36%        N/A       4%          2
b - Summon Small Mammal   Summ           100%       N/A       1%          1
c - Confusing Touch       Hex            30%        N/A       3%          3
d - Call Canine Familiar  Summ           30%        N/A       3%          3
e - Tukima's Dance        Hex            30%        N/A       3%          3

Your spell library contained the following spells:

 Spells                   Type           Power      Damage    Failure   Level
 Summon Guardian Golem    Hex/Summ       30%        N/A       3%          3
 Sandblast                Erth           10%        2d5       10%         1
 Sting                    Tmut/Pois      20%        1d4       10%         1
 Dazzling Flash           Conj/Hex       36%        N/A       10%         3
 Passwall                 Tmut/Erth      4%         N/A       14%         2
 Poisonous Vapours        Pois/Air       10%        N/A       14%         2
 Sublimation of Blood     Necr           5%         N/A       14%         2
 Wereblood                Tmut           5%         N/A       14%         2
 Stone Arrow              Conj/Erth      10%        3d7       28%         3
 Swiftness                Air            5%         N/A       28%         3
 Olgreb's Toxic Radiance  Pois           5%         N/A       67%         4
 Summon Hydra             Summ           15%        N/A       100%        7


Dungeon Overview and Level Annotations

Branches:
Dungeon (6/15)
 Temple: D:4-7

Altars:
Dithmenos
Hepliaklqana
Uskayaw
Wu Jian
Yredelemnul
The Shining One


Message History

You see here a +0 whip.
Things that are here:
a +0 flail; a gnoll corpse You see here a +0 whip.
Items here: )) [ †.
A wyvern zombie comes into view.
The wyvern zombie completely misses you.
The wyvern zombie bites you!
You hit the wyvern zombie.
The wyvern zombie is lightly damaged.
The wyvern zombie bites you!
Casting: Tukima's Dance (dangerous; 3% risk of failure)
Confirm with . or Enter, or press ? or * to list all spells.
The wyvern zombie bites you.
Your hound bites the wyvern zombie.
The wyvern zombie bites you.
Casting: Call Canine Familiar (dangerous; 3% risk of failure)
Confirm with . or Enter, or press ? or * to list all spells.
Your hands begin to glow red.
Your hound bites the wyvern zombie.
The wyvern zombie bites you!
* * * LOW HITPOINT WARNING * * *
Unknown command.
Unknown command.
Unknown command.
Casting: Confusing Touch (dangerous; 3% risk of failure)
Confirm with . or Enter, or press ? or * to list all spells.
You miscast Summon Small Mammal.
You are very lightly contaminated with residual magic.
Nothing appears to happen.
Your hound bites the wyvern zombie.
The wyvern zombie closely misses you.
Your hound bites the wyvern zombie.
Casting: Summon Small Mammal (safe; 1% risk of failure)
Confirm with . or Enter, or press ? or * to list all spells.
The wyvern zombie barely misses you.
Your hound bites the wyvern zombie.
The wyvern zombie barely misses you.
Your bat barely misses the wyvern zombie.
Your hound bites the wyvern zombie.
Your bat hits the wyvern zombie but does no damage.
Casting: Summon Small Mammal (safe; 1% risk of failure)
Confirm with . or Enter, or press ? or * to list all spells.
The wyvern zombie bites you!
You die...

#.# #.# #.#
#.# #.# #.#
#.# #.# #)#
#.# #.# #.#
#.# #.#
#.#########.#
#......b@Zhb#
#############


You could see a wyvern zombie (ally target), a friendly hound (summoned) and 2
friendly bats.

Vanquished Creatures
  A sky beast (D:4)
  An ogre (D:4)
  A centaur (D:6)
  A scorpion (D:4)
  A centaur zombie (D:6)
  A hound (D:5)
  2 jellies
  An orc priest (D:5)
  A centaur skeleton (D:5)
  A hound zombie (D:5)
  Robin (D:4)
  8 adders
  8 gnolls
  A white imp (D:5)
  3 worms
  A dart slug (D:1)
  8 orcs
  9 bats
  2 endoplasms
  3 giant cockroaches
  8 goblins
  6 hobgoblins
  3 jackals (D:4)
  3 quokkas
  10 ball pythons
  4 frilled lizards
  A goblin zombie (D:3)
  5 kobolds
  A kobold zombie (D:3)
  5 rats
101 creatures vanquished.

Vanquished Creatures (collateral kills)
  A necrophage (D:4)
  A bullfrog (D:6)
  A water moccasin zombie (D:5)
  An orc priest (D:5)
  A hound (D:6)
  A jelly (D:5)
  A bullfrog zombie (D:5)
  A gnoll shaman (D:6)
  A nameless horror (D:5)
  An adder (D:5)
  3 gnolls (D:6)
  A white imp (D:3)
  A ball python (D:4)
  7 goblins (D:4)
  3 hobgoblins (D:4)
  A goblin skeleton (D:3)
  A hobgoblin zombie (D:3)
  A kobold skeleton (D:3)
  An orc zombie (D:3)
29 creatures vanquished.

Vanquished Creatures (others)
  A dancing weapon (D:6)
  A plant (D:4)
2 creatures vanquished.

Grand Total: 132 creatures vanquished

Notes
Turn   | Place    | Note
-------+----------+-------------------------------------------
     0 | D:1      | ryw the Deep Elf Enchanter began the quest for the Orb.
     0 | D:1      | Reached XP level 1. HP: 10/10 MP: 6/6
    22 | D:1      | You fall into a shaft and drop 1 floor!
    62 | D:2      | Reached XP level 2. HP: 11/15 MP: 8/8
    85 | D:2      | Learned a level 2 spell: Ensorcelled Hibernation
   322 | D:1      | Learned a level 1 spell: Summon Small Mammal
   511 | D:1      | Reached skill level 4 in Stealth
   640 | D:1      | Reached XP level 3. HP: 17/19 MP: 5/9
  1226 | D:1      | Learned a level 3 spell: Confusing Touch
  1389 | D:2      | Reached XP level 4. HP: 24/24 MP: 0/11
  1750 | D:2      | Reached skill level 5 in Hexes
  2207 | D:2      | Reached skill level 1 in Summonings
  2226 | D:2      | Reached XP level 5. HP: 28/28 MP: 3/12
  2644 | D:3      | Reached skill level 1 in Fighting
  2840 | D:3      | Found a basalt altar of Yredelemnul.
  2957 | D:3      | Learned a level 3 spell: Call Canine Familiar
  2986 | D:3      | Found a glowing golden altar of the Shining One.
  3621 | D:3      | HP: 1/29 [poisoned by a scorpion]
  3966 | D:4      | Found an ornate altar of the Wu Jian Council.
  3966 | D:4      | Found a shadowy altar of Dithmenos.
  3966 | D:4      | Found a hazy altar of Hepliaklqana.
  3966 | D:4      | Noticed an ogre
  4245 | D:4      | Found a hide-covered altar of Uskayaw.
  4782 | D:4      | Reached XP level 6. HP: 32/34 MP: 10/13
  4998 | D:4      | Noticed Robin
  5289 | D:4      | Killed Robin
  5489 | D:4      | Became a worshipper of Hepliaklqana the Forgotten
  5813 | D:5      | Entered Level 5 of the Dungeon
  6835 | D:4      | Reached skill level 5 in Stealth
  6835 | D:4      | Reached XP level 7. HP: 28/38 MP: 15/15
  7764 | D:4      | Learned a level 3 spell: Tukima's Dance
  8190 | D:5      | Reached skill level 5 in Spellcasting
  8765 | D:6      | Reached XP level 8. HP: 38/44 MP: 17/17
  8887 | D:6      | Reached skill level 5 in Dodging
  8887 | D:6      | Reached skill level 6 in Stealth
  8887 | D:6      | Reached skill level 5 in Summonings
  9106 | D:6      | Slain by a wyvern zombie

Illustrated notes

Levels and vault maps discovered:
D:1:      dpeg_arrival_rooms_a, layout_loops_ring
D:2:      layout_basic, minivault_24
D:3:      layout_basic, nicolae_tso_besieged_by_evil, lemuel_round_altar
D:4:      kennysheep_goblin_castle, layout_loops_ring,
          gammafunk_temple_overflow_forgotten, eat_drink_and_be_merry_uskayaw
D:5:      layout_cave_pools
D:6:      layout_basic, mainiacjoe_overflow_six_doors_small

Skill      XL: |  1  2  3  4  5  6  7  8 |
---------------+-------------------------+-----
Stealth        | 4 5 6 |  6.3
Dodging        | 3 4 5 |  5.0
Hexes          | 5 |  5.3
Summonings     | 1 2 4 5 |  5.3
Fighting       | 1 2 |  2.0
Short Blades   | 2 3 4 |  4.0
Spellcasting   | 4 5 |  5.0

Action                   |  1- 3 |  4- 6 |  7- 9 || total
-------------------------+-------+-------+-------++-------
Melee: Dagger            |    58 |     9 |       ||    67
       Short sword       |       |    80 |    69 ||   149
 Cast: Ensorcelled Hiber |    21 |    56 |       ||    77
       Summon Small Mamm |       |    25 |    10 ||    35
       Call Canine Famil |       |     8 |    14 ||    22
       Confusing Touch   |       |     7 |    14 ||    21
       Tukima's Dance    |       |       |     1 ||     1
  Use: Potion            |     2 |       |       ||     2
       Scroll            |       |     9 |     2 ||    11
 Stab: Invisible         |     2 |       |       ||     2
       Sleeping          |    23 |    47 |     3 ||    73
       Confused          |       |     1 |     6 ||     7
       Distracted        |       |       |     1 ||     1
Armor: Robe              |    13 |    20 |    11 ||    44
Dodge: Dodged            |    49 |    71 |    45 ||   165

Table legend: (Time is in decaauts)
 A = Elapsed time spent in this place.
 B = Non-inter-level travel time spent in this place.
 C = Inter-level travel time spent in this place.
 D = Time resting spent in this place.
 E = Time spent auto-exploring this place.
 F = Levels seen in this place.
 G = Mean time per level.
                   A        B        C        D        E       F      G
               +--------+--------+--------+--------+--------+-----+--------+
         Total |   9118 |   8611 |    507 |   3268 |   3848 |   6 | 1519.7 |
       Dungeon |   9118 |   8611 |    507 |   3268 |   3848 |   6 | 1519.7 |
               +--------+--------+--------+--------+--------+-----+--------+

Top non-repeatable levels by time:
     D:4: 3496 daAuts
     D:2: 1991 daAuts
     D:3: 1234 daAuts
     D:1: 986 daAuts
     D:5: 968 daAuts
     D:6: 440 daAuts
